 Dungeon Crawl Stone Soup version 0.20-a0-949-g916514f (webtiles) character file.

3 M4edhros the Grave Robber (level 1, -10/11 HPs)
             Began as an Octopode Necromancer on Apr 3, 2017.
             Mangled by cirnu's ghost (13 damage)
             ... on level 4 of the Dungeon.
             The game lasted 00:01:26 (251 turns).

M4edhros the Grave Robber (Octopode Necromancer)     Turns: 251, Time: 00:01:27

Health: -10/11     AC:  3    Str:  7    XL:     1   Next: 50%
Magic:  3/3        EV: 13    Int: 17    God:
Gold:   11         SH:  0    Dex: 12    Spells: 2/4 levels left

rFire    . . .     SeeInvis .     - Unarmed
rCold    . . .     Gourm    .   (no shield)
rNeg     . . .     Faith    .   c - +2 hat
rPois    .         Spirit   .   (no amulet)
rElec    .         Reflect  .   (no ring)
rCorr    .         Harm     .   (no ring)
MR       .....                  (no ring)
Stlth    +++.......             (no ring)
Regen    0.1/turn               (no ring)
MPRegen  0.1/turn               (no ring)
                                (no ring)
                                (no ring)

@: no status effects
A: almost no armour, stealthy swim, amphibious, 8 rings, constrict 8, camouflage
1, gelatinous body 1
a: no special abilities


You were on level 4 of the Dungeon.
You were not hungry.

You visited 1 branch of the dungeon, and saw 4 of its levels.

You collected 11 gold pieces.

Inventory:

Armour
 c - a +2 hat (worn)
Scrolls
 e - 2 scrolls of identify {unknown}
Potions
 f - a potion of degeneration {unknown}
 g - 3 potions of curing {unknown}
Books
 a - a book of Necromancy

   Spells                             Type                      Level
   a - Pain                           Necromancy                   1
   b - Animate Skeleton               Necromancy                   1
   c - Vampiric Draining              Necromancy                   3
   d - Regeneration                   Charms/Necromancy            3
   e - Animate Dead                   Necromancy                   4
   f - Control Undead                 Necromancy                   4
Comestibles
 b - 2 bread rations
 d - 5 chunks of flesh


   Skills:
 - Level 2.0 Dodging
 - Level 2.6 Stealth
 + Level 1.0 Unarmed Combat
 - Level 2.0 Spellcasting
 - Level 4.0 Necromancy


You had 2 spell levels left.
You knew the following spells:

 Your Spells              Type           Power        Failure   Level  Hunger
a - Pain                  Necr           ###.         3%          1    #......
b - Animate Skeleton      Necr           N/A          3%          1    #......


Dungeon Overview and Level Annotations

Branches:
Dungeon (4/15)
 Temple: D:4-7

Altars:

Annotations:
D:3 exclusion: downstairs
D:4 cirnu's ghost, amateur DsGl


Innate Abilities, Weirdness & Mutations

You cannot wear most types of armour.
You are very stealthy in the water. (Stealth+)
You are amphibious.
You can wear up to eight rings at the same time.
You can use your tentacles to constrict eight enemies at once.
Your skin changes colour to match your surroundings (Stealth+).
Your rubbery body absorbs attacks. (AC +1, EV +1)


Message History

g - a fuming clear potion
b - 2 bread rations (gained 1)
Found a stone staircase leading down.
There is a stone staircase leading down here.
There is a stone staircase leading down here.
You climb downwards.
Your mindless thrall stays behind.
Cirnu's ghost (amateur Demonspawn Gladiator) comes into view.
It is wielding a weapon of electrocution.
Found three items.
Found a stone staircase leading down.
There is a stone staircase leading up here.
Okay, then.
You see here 2 fuming clear potions.
g - 3 fuming clear potions (gained 2)
There is a stone staircase leading up here.
Cirnu's ghost turns its malevolent gaze towards you.
Cirnu's ghost hits you.
Ouch! That really hurt!
* * * LOW HITPOINT WARNING * * *
You are electrocuted!
Ouch! That really hurt!
You die...

#. .. ##.
##########
##
#?........
#.........
#)......>.
#..W......
#.@.......
#.........
#.........
#.........
#.########
#.# #.# #.
#.


You could see cirnu's ghost.

Vanquished Creatures
  2 goblins (D:3)
  A rat (D:3)
3 creatures vanquished.

Notes
Turn   | Place    | Note
-------+----------+-------------------------------------------
     0 | D:1      | M4edhros the Octopode Necromancer began the quest for the Orb.
     0 | D:1      | Reached XP level 1. HP: 11/11 MP: 3/3
    77 | D:4      | Noticed an orc wizard
    77 | D:4      | Noticed an orc priest
   132 | D:3      | Learned a level 1 spell: Animate Skeleton
   219 | D:3      | Reached skill level 1 in Unarmed Combat
   246 | D:4      | Noticed cirnu's ghost (amateur DsGl)
   251 | D:4      | Mangled by cirnu's ghost

Vault maps used:
D:1:      kennysheep_arrival_seaside
D:2:      minmay_hexomino_r4
D:3:      minmay_door_path, nicolae_overflow_crystal_walls
D:4:      grunt_temple_overflow_champion_of_chaos, lemuel_doored_altar,
          first_bread, trog_eyes_of_draining

Skill      XL: |  1 |
---------------+----+-----
Unarmed Combat | 1 |  1.0
Dodging        | |  2.0
Stealth        | |  2.6
Spellcasting   | |  2.0
Necromancy     | |  4.0

Action                   || total
-------------------------++-------
Melee: Unarmed           ||     8
       Constrict         ||     4
 Cast: Animate Skeleton  ||     2
 Stab: Sleeping          ||     1
Dodge: Dodged            ||     4
